 Dungeon Crawl Stone Soup version 0.29-a0-993-g4a18f31a58 (webtiles) character file.

Game seed: 18353727607252256032

7508 siradein the Nimble (level 11, -18/83 HPs)
             Began as a Barachi Brigand on Aug 3, 2022.
             Was a Priest of Ashenzari.
             Demolished by a two-headed ogre zombie
             ... wielding a +1 great mace of venom
              (26 damage)
             ... on level 10 of the Dungeon.
             The game lasted 00:39:53 (10648 turns).

siradein the Nimble (Barachi Brigand)              Turns: 10648, Time: 00:39:54

Health: -18/83     AC: 13    Str: 12    XL:     11   Next: 16%
Magic:  11/11      EV: 25    Int: 12    God:    Ashenzari [***...]
Gold:   1029       SH:  0    Dex: 24    Spells: 10/10 levels left

rFire   . . .      SeeInvis +   D - +3 hand crossbow (flame)
rCold   . . .      Faith    .   (no shield)
rNeg    . . .      Spirit   .   j - +0 steam dragon scales "Circumscribed Together" {Elem, Alch} (curse)
rPois   .          Reflect  .   (no helmet)
rElec   .          Harm     .   A - scarf "Behold Eternity" {shadows, Self, Fort} (curse)
rCorr   .          Rampage  .   a - +0 pair of gloves of Panopticon {Elem, Melee} (curse)
Will    .....      Clarity  +   J - +2 pair of boots "Gnostic Affliction" {Elem, Cun} (curse)
Stlth   ++++......              (no amulet)
HPRegen 0.23/turn               o - ring "Chained Syndicalism" {Dex+6, Fort, Melee} (curse)
MPRegen 0.12/turn               L - +4 ring of protection

@: studying Dodging, slow
A: amphibious, slowness 1, strong legs 1, +LOS
a: Hop, Renounce Religion, Shatter the Chains


You were on level 10 of the Dungeon.
You worshipped Ashenzari.
Ashenzari was most pleased with you.
You visited 2 branches of the dungeon, and saw 11 of its levels.
You also visited: Ossuary.

You collected 1579 gold pieces.
You spent 550 gold pieces at shops.

Inventory:

Hand Weapons
 b - a +1 vorpal triple crossbow
 y - a +2 short sword of venom
 D - a +3 hand crossbow of flaming (weapon)
Missiles
 d - 27 poisoned darts
 e - 3 curare-tipped darts
 B - 4 throwing nets
 F - 6 boomerangs of dispersal
Armour
 a - the cursed +0 pair of gloves of Panopticon (worn) {Elem, Melee}
   (You found it on level 3 of the Dungeon)

   It has a curse which improves the following skills: Elements: Fire Magic, Ice
   Magic, Air Magic and Earth Magic.
   Melee Combat: Short Blades, Long Blades, Axes, Maces & Flails, Polearms,
   Staves and Unarmed Combat.
 j - the cursed +0 steam dragon scales "Circumscribed Together" (worn) {Elem, Alch}
   (You found it on level 8 of the Dungeon)

   It has a curse which improves the following skills: Elements: Fire Magic, Ice
   Magic, Air Magic and Earth Magic.
   Alchemy:   Poison Magic and Transmutations.
 A - the cursed scarf "Behold Eternity" (worn) {shadows, Self, Fort}
   (You found it on level 4 of the Dungeon)

   It has a curse which improves the following skills: Introspection: Fighting
   and Spellcasting.
   Fortitude: Armour and Shields.
 J - the cursed +2 pair of boots "Gnostic Affliction" (worn) {Elem, Cun}
   (You found it on level 8 of the Dungeon)

   It has a curse which improves the following skills: Elements: Fire Magic, Ice
   Magic, Air Magic and Earth Magic.
   Cunning:   Dodging and Stealth.
Jewellery
 m - a ring of willpower
 o - the cursed ring "Chained Syndicalism" (left hand) {Dex+6, Fort, Melee}
   (You found it on level 2 of the Dungeon)

   [ring of dexterity]

   Dex:       It affects your dexterity (+6).
   It has a curse which improves the following skills: Fortitude: Armour and
   Shields.
   Melee Combat: Short Blades, Long Blades, Axes, Maces & Flails, Polearms,
   Staves and Unarmed Combat.
 v - a +4 ring of evasion
 C - a ring of see invisible
 L - a +4 ring of protection (right hand)
Wands
 f - a wand of flame (40)
 E - a wand of roots (13)
 M - a wand of paralysis (5)
Scrolls
 c - 2 scrolls of amnesia
 h - 3 scrolls of magic mapping
 i - 9 scrolls of teleportation
 k - a scroll of butterflies
 t - 3 scrolls of fear
 u - 3 scrolls of summoning
 x - 2 scrolls of blinking
 G - a scroll of poison
 K - a scroll of silence
Potions
 g - 5 potions of flight
 n - 3 potions of lignification
 p - a potion of ambrosia
 r - 2 potions of haste
 s - 3 potions of attraction
 w - 5 potions of brilliance
 z - 3 potions of might
 H - 2 potions of invisibility
 I - 4 potions of mutation
 N - 2 potions of resistance


   Skills:
 + Level 5.0(6.6) Fighting
 - Level 3.4(5.5) Short Blades
 + Level 12.8 Ranged Weapons
 - Level 2.1 Throwing
 + Level 13.2(14.7) Dodging
 + Level 5.1(6.7) Stealth
 + Level 2.8 Evocations


You had 10 spell levels left.
You didn't know any spells.
Your spell library contained the following spells:

 Spells                   Type           Power      Damage    Failure   Level
 Slow                     Hex            0%         N/A       32%         1
 Scorch                   Fire           2%         2d5       38%         2
 Ensorcelled Hibernation  Hex/Ice        0%         N/A       41%         2
 Poisonous Vapours        Pois/Air       0%         N/A       41%         2
 Static Discharge         Conj/Air       0%         3-3/arc   41%         2
 Conjure Flame            Conj/Fire      0%         6-21      65%         3
 Spider Form              Tmut/Pois      0%         N/A       67%         3
 Confusing Touch          Hex            0%         N/A       69%         3
 Vampiric Draining        Necr           0%         2d6       69%         3
 Corpse Rot               Necr/Pois/Air  0%         N/A       96%         4
 Flame Wave               Conj/Fire      0%         2d4       96%         4
 Anguish                  Hex/Necr       0%         N/A       97%         4
 Animate Dead             Necr           0%         N/A       97%         4
 Agony                    Necr           0%         N/A       100%        5
 Lightning Bolt           Conj/Air       0%         1d11      100%        5
 Starburst                Conj/Fire      0%         6d3       100%        6
 Summon Cactus Giant      Summ           0%         N/A       100%        6
 Maxwell's Capacitive Co  Air            0%         ∞         100%        8


Dungeon Overview and Level Annotations

Branches:
Dungeon (10/15)            Temple (1/1) D:5             Orc (0/2) D:9
Ossuary (visited)
   Lair: D:8-11

Altars:
Ashenzari
Cheibriados
Dithmenos
Elyvilon
Fedhas
Gozag
Hepliaklqana
Kikubaaqudgha
Makhleb
Nemelex Xobeh
Okawaru
Qazlal
Ru
Sif Muna
Trog
Uskayaw
Vehumet
Wu Jian
Xom
Yredelemnul
Zin
The Shining One

Shops:
D:1 (??((   D:3 [   D:5 *   D:6 *   D:7 *   D:9 (   D:10 ?

Annotations:
D:7 3 runed translucent doors, IndoAryan's ghost, novice HuBe
D:10 1 transporter


Innate Abilities, Weirdness & Mutations

You are amphibious.
You cover ground slowly.
You can hop short distances.
You have an extended range of vision and can be seen from far away.


Message History

The two-headed ogre zombie barely misses you.
The two-headed ogre zombie misses you.
The two-headed ogre zombie hits you with a +0 giant club of venom!
* * * LOW HITPOINT WARNING * * *
You are lethally poisoned!
The orc knight zombie misses you.
You feel better.
Fire: D) +3 hand crossbow (flame)
Press: ? - help, Q - select action, (/) - cycle Shift-Dir - straight line, f/p - orc knight zombie
Aim: an orc knight zombie, wielding a +0 war axe of venom (lightly damaged, 79% to hit)
You shoot a bolt. The bolt hits the orc knight zombie!
The bolt burns the orc knight zombie.
The orc knight zombie is moderately damaged.
The two-headed ogre zombie completely misses you. x2
The orc knight zombie completely misses you.
The two-headed ogre zombie misses you. x2
Unknown command.
Fire: D) +3 hand crossbow (flame)
Press: ? - help, Q - select action, (/) - cycle Shift-Dir - straight line, f/p - orc knight zombie
Aim: an orc knight zombie, wielding a +0 war axe of venom (moderately damaged, 79% to hit)
You shoot a bolt. The bolt hits the orc knight zombie!
The bolt burns the orc knight zombie.
The orc knight zombie is heavily damaged.
The orc knight zombie misses you.
The two-headed ogre zombie closely misses you.
The two-headed ogre zombie completely misses you.
Fire: D) +3 hand crossbow (flame)
Press: ? - help, Q - select action, (/) - cycle Shift-Dir - straight line, f/p - orc knight zombie
Aim: an orc knight zombie, wielding a +0 war axe of venom (heavily damaged, 79% to hit)
You shoot a bolt. The bolt hits the orc knight zombie!!
The bolt burns the orc knight zombie.
The orc knight zombie is almost destroyed.
The two-headed ogre zombie hits you with a +2 great mace of venom!!
* * * LOW HITPOINT WARNING * * *
You are lethally poisoned!
The two-headed ogre zombie completely misses you.
The orc knight zombie closely misses you.
You feel better.
The two-headed ogre zombie hits you with a +1 great mace of venom!!
You die...

#.#°°°/©$○°.# #......#
#####.#○○°$|[☼○°# ###)##..
#.....#○°○°°○°°○### #.##..
#.#####°°°○○°°○.#.# #.....
#.#####.°○°☼°°°.#.##
######
#.#...####○°○####..#
#.#.##.#°.....○#.#.#
#.#.##.#○○#Z#°°#.#.######
#......#○☼Z@Z☼☼#........#
###.####°○#©#☼○###.####.#
#.####°.°☼☼.○#...####.#
#....#.°°☼°○.##.......##
#.##.##########.####...###
#.##.##..©....#.####.#....
#...(..............#......
####.####.....#.##.##.....
#...# #.....#.##.##..###


You could see an orc knight zombie and 2 two-headed ogre zombies.

Vanquished Creatures
  Harold (D:9)
  Nergalle (D:10)
  2 hornets
  A wraith (D:10)
  2 wyverns (D:10)
  Grum (D:8)
  A steam dragon (D:8)
  Menkaure (D:6)
  A two-headed ogre zombie (D:10)
  4 water moccasins
  An orc warrior (D:6)
  A sky beast (D:8)
  An ice beast (D:7)
  An ogre (D:5)
  A black bear (D:6)
  5 centaurs
  4 wolves (D:8)
  2 kobold brigands
  2 elf zombies (Ossuary)
  3 gnoll sergeants
  A wyvern zombie (D:8)
  7 bullfrogs
  A scorpion (D:6)
  2 necrophages (D:8)
  14 wights
  3 killer bees (D:8)
  5 howler monkeys
  3 centaur zombies
  A jelly (D:5)
  4 human zombies
  3 hounds (D:6)
  2 orc priests
  Jessica (D:2)
  2 iguanas
  10 orc wizards
  2 hound zombies (Ossuary)
  6 mummies
  3 howler monkey zombies (D:8)
  10 gnolls
  10 adders
  3 white imps
  3 ufetubi
  2 adder zombies (Ossuary)
  A worm (D:5)
  5 dart slugs
  36 orcs
  A bat (D:1)
  6 endoplasms
  3 giant cockroaches
  A gnoll zombie (Ossuary)
  5 goblins
  4 hobgoblins
  7 jackals (D:1)
  5 quokkas
  6 ball pythons
  4 frilled lizards
  4 goblin zombies (Ossuary)
  4 hobgoblin zombies (Ossuary)
  3 jackal zombies (Ossuary)
  14 kobolds
  5 kobold zombies (Ossuary)
  4 orc zombies (Ossuary)
  4 quokka zombies (Ossuary)
  3 rats
259 creatures vanquished.

Vanquished Creatures (others)
  3 plants (D:1)
3 creatures vanquished.

Grand Total: 262 creatures vanquished

Notes
Turn   | Place    | Note
-------+----------+-------------------------------------------
     0 | D:1      | siradein the Barachi Brigand began the quest for the Orb.
     0 | D:1      | Reached XP level 1. HP: 17/17 MP: 1/1
    60 | D:1      | Found Fupn's Weapon Boutique.
   157 | D:1      | Found Jajiziwn's Magic Scroll Shop.
   186 | D:1      | Reached XP level 2. HP: 5/23 MP: 2/2
   441 | D:1      | Bought a scroll of noise for 11 gold pieces
   462 | D:1      | Found Ruifrue's Magic Scroll Boutique.
   472 | D:1      | Found Zoghi's Weapon Boutique.
  1140 | D:1      | Reached XP level 3. HP: 28/28 MP: 3/3
  1184 | D:1      | Found Viwadyp's Weapon Emporium.
  1654 | D:2      | Noticed Jessica
  1656 | D:2      | Killed Jessica
  1657 | D:2      | Reached skill level 2 in Dodging
  1657 | D:2      | Reached XP level 4. HP: 35/35 MP: 4/4
  1741 | D:2      | Reached skill level 1 in Ranged Weapons
  2325 | D:3      | Found a faded altar of an unknown god.
  2334 | D:3      | Found Yckoluul's Armour Emporium.
  2783 | D:4      | Reached XP level 5. HP: 41/41 MP: 5/5
  2977 | D:4      | Found a shimmering altar of Xom.
  3510 | D:5      | Entered Level 5 of the Dungeon
  3528 | D:5      | Found a staircase to the Ecumenical Temple.
  3542 | Temple   | Entered the Ecumenical Temple
  3862 | Temple   | Became a worshipper of Ashenzari the Shackled
  4021 | D:1      | Bought a +2 hand crossbow of flaming for 237 gold pieces
  4115 | D:5      | Noticed an ogre
  4118 | D:5      | Killed an ogre
  4119 | D:5      | Reached XP level 6. HP: 48/48 MP: 6/6
  4620 | D:5      | Found Botujam's CLEARANCE SALE!.
  4626 | D:5      | Bought a scroll of poison for 16 gold pieces
  4922 | D:6      | Found a hazy altar of Hepliaklqana.
  4927 | D:6      | Found a stormy altar of Qazlal.
  5106 | D:6      | Found a sand-covered staircase.
  5111 | Ossuary  | Entered an ossuary
  5123 | Ossuary  | Reached XP level 7. HP: 54/54 MP: 7/7
  5127 | Ossuary  | Reached skill level 5 in Ranged Weapons
  5431 | D:6      | Reached * piety under Ashenzari
  5431 | D:6      | Identified 2 scrolls of acquirement
  5475 | D:6      | Reached XP level 8. HP: 60/61 MP: 8/8
  5551 | D:6      | Found Yskythretz's Gadget Gallery.
  5751 | D:6      | Noticed Menkaure
  5752 | D:6      | Killed Menkaure
  6286 | D:6      | Acquired a manual of Dodging
  6288 | D:6      | Acquired 856 gold pieces
  6373 | D:7      | Reached skill level 3 in Dodging
  6373 | D:7      | Reached XP level 9. HP: 66/66 MP: 9/9
  6390 | D:6      | Reached skill level 10 in Ranged Weapons
  6390 | D:6      | Reached skill level 4 in Dodging
  6594 | D:7      | Found Zin's Purification Station.
  6594 | D:7      | Found a glowing silver altar of Zin.
  6623 | D:7      | Found a runed translucent gate.
  6624 | D:7      | Found a runed translucent gate.
  6624 | D:7      | Noticed IndoAryan's ghost (novice HuBe)
  6629 | D:7      | Reached skill level 5 in Dodging
  6630 | D:7      | Found a runed translucent gate.
  6818 | D:7      | Reached ** piety under Ashenzari
  6858 | D:7      | Found an iron altar of Okawaru.
  7136 | D:7      | Reached skill level 6 in Dodging
  7586 | D:7      | Reached skill level 7 in Dodging
  7741 | D:7      | Found the +3 pair of seven-league boots {Rampage+∞}
  7787 | D:8      | Reached skill level 8 in Dodging
  7941 | D:8      | Reached skill level 9 in Dodging
  8084 | D:8      | Reached XP level 10. HP: 73/73 MP: 10/10
  8188 | D:8      | Reached skill level 10 in Dodging
  8240 | D:8      | Found a basalt altar of Yredelemnul.
  8504 | D:8      | Noticed Grum
  8506 | D:8      | Reached skill level 11 in Dodging
  8508 | D:8      | Killed Grum
  8868 | D:9      | Noticed Harold
  8873 | D:9      | Killed Harold
  8874 | D:9      | Reached skill level 12 in Dodging
  8978 | D:9      | Found Xofeph's Weapon Shop.
  8991 | D:9      | Found a staircase to the Orcish Mines.
  9521 | D:10     | Entered Level 10 of the Dungeon
  9554 | D:10     | Identified the Vellum of the Bloody Summer
  9787 | D:1      | Bought a +1 vorpal triple crossbow for 286 gold pieces
  9980 | D:10     | Noticed Nergalle
  9988 | D:10     | Killed Nergalle
  9989 | D:10     | Reached skill level 1 in Evocations
  9995 | D:10     | Reached XP level 11. HP: 78/81 MP: 11/11
 10050 | D:10     | Found Hiodwur's Magic Scroll Emporium.
 10088 | D:10     | Reached *** piety under Ashenzari
 10107 | D:10     | Reached skill level 13 in Dodging
 10156 | D:10     | Found a transporter.
 10336 | D:10     | Found a shimmering blue altar of Sif Muna.
 10343 | D:10     | Found an ancient bone altar of Kikubaaqudgha.
 10350 | D:10     | Found a radiant altar of Vehumet.
 10467 | D:10     | Reached skill level 5 in Stealth
 10589 | D:10     | Found a transporter.
 10639 | D:10     | Reached skill level 5 in Fighting
 10647 | D:10     | HP: 2/83 [two-headed ogre zombie/+2 great mace of venom
                  | (22)]
 10648 | D:10     | Demolished by a two-headed ogre zombie

Illustrated notes

Levels and vault maps discovered:
D:1:      roderic_crop_circles_arrival_small, layout_basic, serial_shops,
          shop_statue, nicolae_shop_competitors_out_of_business, shop, shop,
          nicolae_diamond_shop, minmay_octomino_j4
D:2:      layout_loops_ring, uniq_jessica
D:3:      layout_rooms, ebering_ecumenical_altar_rust, serial_shops,
          shop_fountains
D:4:      layout_basic, mainiacjoe_overflow_paths
D:5:      layout_loops_ring, minmay_temple_entry_mist, serial_glass,
          glass_columns_a, glass_columns_b, nicolae_shop_clearance
D:6:      layout_rooms, grunt_qazlal_sundering,
          mainiacjoe_overflow_small_starburst, nicolae_ossuary_entry_monument,
          nicolae_shop_gadgets, uniq_menkaure
D:7:      minmay_thinvault, layout_loops_ring, amcnicky_altar_gilded,
          zin_purify, biasface_ghost_orc_armoury, lightli_orcish_oven
D:8:      layout_gridville, lemuel_mausoleum_altar_yredelemnul, uniq_grum
D:9:      layout_basic, serial_shops, nicolae_shop_crystal, uniq_harold
D:10:     gammafunk_cloud_chamber, layout_loops_cross,
          palyth_temple_overflow_mages, serial_shops, shop_scrolls,
          uniq_nergalle
Temple:   compressed_dpeg_triangle_lava_temple

Skill      XL: |  1  2  3  4  5  6  7  8  9 10 11 |
---------------+----------------------------------+-----
Fighting       | 3 4 5 |  5.0
Dodging        | 2 3 9 12 13 | 13.2
Stealth        | 4 5 |  5.1
Ranged Weapons | 1 3 4 7 9 11 12 | 12.8
Short Blades   | 3 |  3.4
Evocations     | 1 2 |  2.8
Throwing       | |  2.1

Action                   |  1- 3 |  4- 6 |  7- 9 | 10-12 || total
-------------------------+-------+-------+-------+-------++-------
Melee: Dagger            |    58 |       |       |       ||    58
       Punch             |     1 |       |       |       ||     1
       Short sword       |       |    13 |       |       ||    13
 Fire: Sling             |    51 |    68 |       |       ||   119
       Hand crossbow     |       |    42 |   230 |   152 ||   424
Invok: Curse Item        |       |     1 |     3 |     2 ||     6
       Shatter the Chain |       |       |       |     1 ||     1
 Abil: Hop               |       |     1 |     2 |       ||     3
  Use: Scroll            |       |     1 |     3 |       ||     4
       Potion            |       |       |     1 |     4 ||     5
Armor: Robe              |    34 |       |       |       ||    34
       Leather armour    |     9 |     4 |     8 |       ||    21
       Steam dragon scal |       |       |       |    10 ||    10
Dodge: Dodged            |    83 |    28 |    65 |   106 ||   282

Table legend: (Time is in decaauts)
 A = Elapsed time spent in this place.
 B = Non-inter-level travel time spent in this place.
 C = Inter-level travel time spent in this place.
 D = Time resting spent in this place.
 E = Time spent auto-exploring this place.
 F = Levels seen in this place.
 G = Mean time per level.
                   A        B        C        D        E       F      G
               +--------+--------+--------+--------+--------+-----+--------+
         Total |  12265 |  11127 |   1138 |    581 |   8975 |  12 | 1022.1 |
       Dungeon |  11511 |  10497 |   1014 |    581 |   8520 |  10 | 1151.1 |
        Temple |    395 |    271 |    124 |      0 |    259 |   1 |  395.0 |
       Ossuary |    359 |    359 |      0 |      0 |    196 |   1 |  359.0 |
               +--------+--------+--------+--------+--------+-----+--------+

Top non-repeatable levels by time:
     D:1: 1597 daAuts
     D:7: 1504 daAuts
     D:6: 1327 daAuts
     D:5: 1259 daAuts
     D:8: 1231 daAuts
     D:4: 1127 daAuts
     D:2: 1075 daAuts
     D:9: 928 daAuts
    D:10: 913 daAuts
     D:3: 545 daAuts
  Temple: 395 daAuts
 Ossuary: 359 daAuts
